 Dungeon Crawl Stone Soup version 0.29.1-2-gbd0b4ee654 (console) character file.

Game seed: 16255491547041741854

3 om the Trooper (level 1, 0/18 HPs)
             Began as a Demonspawn Berserker on Oct 24, 2022.
             Was a Follower of Trog.
             Slain by a gnoll
             ... wielding a +0 club
              (5 damage)
             ... on level 1 of the Dungeon.
             The game lasted 00:00:41 (135 turns).

om the Trooper (Demonspawn Berserker)                Turns: 135, Time: 00:00:41

Health: 0/18       AC:  2    Str: 17    XL:     1   Next: 41%
Magic:  1/1        EV: 12    Int:  8    God:    Trog [*.....]
Gold:   14         SH:  0    Dex: 12    Spells: 0/0 levels left

rFire   . . .      SeeInvis .   f - +2 spear (venom)
rCold   . . .      Faith    .   (no shield)
rNeg    . . .      Spirit   .   b - +0 animal skin
rPois   .          Reflect  .   (no helmet)
rElec   .          Harm     .   (no cloak)
rCorr   .          Rampage  .   (no gloves)
Will    .....                   (no boots)
Stlth   +.........              (no amulet)
HPRegen 0.06/turn               (no ring)
MPRegen 0.07/turn               (no ring)

@: no status effects
A: no striking features
a: Renounce Religion, Berserk


You were on level 1 of the Dungeon.
You worshipped Trog.
Trog was aware of your devotion.
You visited 1 branch of the dungeon, and saw 1 of its levels.

You collected 14 gold pieces.

Inventory:

Hand Weapons
 a - a +0 hand axe
 f - a +2 spear of venom (weapon)
Armour
 b - a +0 animal skin (worn)
Scrolls
 e - a scroll of identify {unknown}
Potions
 c - a potion of mutation {unknown}
 d - a potion of attraction {unknown}


   Skills:
 + Level 3.0 Fighting
 * Level 2.8 Axes
 + Level 1.8 Armour
 + Level 1.8 Dodging


You couldn't memorise any spells.
You didn't know any spells.
Your spell library was empty.

Dungeon Overview and Level Annotations

Branches:
Dungeon (1/15)

Altars:


Message History

The giant cockroach bites you but does no damage.
You hit the giant cockroach.
You kill the giant cockroach!
Trog accepts your kill.
Found a scroll labelled GUFURAMPIFOI.
There is a faded altar of an unknown god here.
HP restored.
You see here a +2 spear of venom.
e - a scroll labelled GUFURAMPIFOI Cleave: a) +0 hand axe
Press: ? - help, Dir - move target
Okay, then.
You see here a +2 spear of venom.
f - a +2 spear of venom As you open the door, it creaks loudly!
There is an open door here.
A gnoll comes into view. It is wielding a +0 club.
Found a leather armour.
A frilled lizard comes into view.
The frilled lizard hisses angrily.
Your +2 spear of venom begins to drip with poison!
f - a +2 spear of venom (weapon)
The gnoll shouts!
You reach to attack!
You hit the gnoll.
The gnoll is moderately wounded.
You hit the gnoll but do no damage.
The gnoll is poisoned.
The gnoll is moderately wounded.
The gnoll hits you with a +0 club.
You closely miss the gnoll.
The gnoll is moderately wounded.
The frilled lizard barely misses you. The gnoll hits you with a +0 club.
The frilled lizard attacks as you move away!
The frilled lizard barely misses you. The gnoll attacks as you move away!
The gnoll misses you.
You closely miss the gnoll.
The gnoll is severely wounded.
The frilled lizard bites you.
* * * LOW HITPOINT WARNING * * *
The gnoll hits you with a +0 club.
You die...

.........### ..........[ #
~~~~~~≈...#.# ≈≈≈~≈≈~...#.#
≈≈≈≈≈≈~.....# #≈≈~...#.# ##+##
+≈≈~.....# ...+ +≈≈lg..###
#####.###+#≈≈~@..#
#...#...#≈~~~....##############
#...'.⌠.'≈~≈..⌠................
#.<.'.⌠.'~≈~..⌠.....###########
#...#...#≈≈~~.......#.........#
#.#####.#'#'#≈≈~......#....#....#
#.......#...'≈≈≈......#.#..#..#.#
##+###'##).>'≈≈~......#.#..#..#.#
≈≈≈#+#'#≈≈~......'####_####'


You could see a gnoll (poisoned) and a frilled lizard.

Vanquished Creatures
  A giant cockroach (D:1)
  A quokka (D:1)
  A rat (D:1)
3 creatures vanquished.

Notes
Turn   | Place    | Note
-------+----------+-------------------------------------------
     0 | D:1      | om the Demonspawn Berserker began the quest for the Orb.
     0 | D:1      | Reached XP level 1. HP: 18/18 MP: 1/1
    60 | D:1      | Found a faded altar of an unknown god.
   135 | D:1      | Slain by a gnoll

Illustrated notes

Levels and vault maps discovered:
D:1:      dpeg_arrival_castle, layout_rooms,
          shapermc_ecumenical_altar_notcrosses, hex_tiny

Action                   || total
-------------------------++-------
Melee: Hand axe          ||     8
       Spear             ||     4
Armor: Animal skin       ||     1
Dodge: Dodged            ||     7
